Map: Torches LE

Players

ManlyManMeat - Winner!

  • Race: Protoss Protoss
  • League: Master
  • Spawn Location: 5:00

VOD

Have the link to the VOD?

Description

Time

  • Played on: June 16, 2025, 3:32 a.m.
  • Length: 25:08
Show
View Real Time Build Order
Export as new Build Order

ManlyManMeat Protoss - Winner!

Build Orders:  

Get SALT Encoding   

  1  0:00  Probe (Chrono Boost)  
  12  0:09  Probe (Chrono Boost)  
  14  0:23  Pylon  
  14  0:32  Probe (Chrono Boost)  
  16  0:51  Probe (Chrono Boost)  
  16  1:08  Probe (Chrono Boost)  
  17  1:23  Nexus  
  17  1:29  Probe (Chrono Boost)  
  18  1:38  Assimilator  
  18  1:41  Probe (Chrono Boost)  
  19  1:50  Pylon  
  19  1:54  Probe (Chrono Boost)  
  20  2:14  Probe (Chrono Boost)  
  21  2:36  Nexus  
  21  2:42  Probe (Chrono Boost)  
  21  2:48  Assimilator  
  22  2:55  Probe (Chrono Boost)  
  23  3:04  Probe (Chrono Boost)  
  23  3:06  Probe (Chrono Boost)  
  25  3:16  Probe (Chrono Boost)  
  26  3:25  Gateway  
  26  3:29  Probe (Chrono Boost)  
  26  3:34  Probe (Chrono Boost)  
  28  3:46  Probe (Chrono Boost)  
  30  3:51  Probe (Chrono Boost)  
  30  3:52  Forge  
  30  4:03  Probe (Chrono Boost)  
  30  4:08  Probe (Chrono Boost)  
  32  4:15  Probe (Chrono Boost)  
  34  4:20  Probe (Chrono Boost)  
  34  4:25  Probe (Chrono Boost)  
  34  4:26  Probe (Chrono Boost), Assimilator  
  34  4:28  Assimilator  
  35  4:35  Cybernetics Core  
  35  4:38  Probe (Chrono Boost)  
  35  4:39  Probe (Chrono Boost)  
  38  4:46  Probe (Chrono Boost)  
  38  4:49  Probe (Chrono Boost)  
  39  4:50  Probe (Chrono Boost)  
  41  5:03  Pylon, Probe (Chrono Boost)  
  41  5:05  Pylon  
  41  5:06  Probe (Chrono Boost)  
  41  5:07  Probe (Chrono Boost)  
  41  5:09  Pylon  
  44  5:19  Assimilator  
  45  5:20  Probe (Chrono Boost)  
  45  5:24  Assimilator  
  45  5:42  Stargate x2  
  45  5:43  Probe (Chrono Boost)  
  45  5:46  Stargate  
  45  5:48  Probe (Chrono Boost)  
  47  5:56  Probe (Chrono Boost)  
  47  5:57  Probe (Chrono Boost)  
  49  6:00  Stalker  
  49  6:05  Probe (Chrono Boost)  
  52  6:12  Probe (Chrono Boost)  
  52  6:17  Probe (Chrono Boost)  
  55  6:22  Probe (Chrono Boost)  
  55  6:23  Probe (Chrono Boost)  
  56  6:34  Probe (Chrono Boost), Twilight Council  
  56  6:37  Probe (Chrono Boost)  
  56  6:39  Probe (Chrono Boost)  
  59  6:55  Fleet Beacon  
  59  6:59  Probe (Chrono Boost)  
  62  7:00  Probe x2 (Chrono Boost)  
  62  7:05  Stalker  
  64  7:13  Warp Gate  
  64  7:16  Probe (Chrono Boost)  
  65  7:27  Templar Archives  
  65  7:30  Dark Shrine  
  65  7:34  Gateway  
  65  7:35  Gateway, Probe (Chrono Boost)  
  65  7:36  Gateway  
  65  7:38  Probe (Chrono Boost)  
  65  7:39  Carrier  
  68  7:41  Probe (Chrono Boost)  
  68  7:43  Stalker  
  68  7:47  Probe (Chrono Boost)  
  68  7:49  Probe (Chrono Boost)  
  70  7:51  Carrier  
  70  7:58  Probe (Chrono Boost)  
  85  8:45  Protoss Air Weapons Level 1  
  85  8:49  Cybernetics Core  
  85  9:09  Carrier  
  85  9:14  Pylon  
  85  9:17  Pylon  
  85  9:19  Pylon  
  85  9:21  Pylon  
  85  9:24  Pylon x3  
  85  9:26  Pylon x2  
  85  9:30  Carrier  
  97  9:55  Pylon  
  97  9:56  Pylon  
  97  9:58  Pylon  
  97  9:59  Protoss Air Armor Level 1  
  97  10:00  Pylon  
  97  10:03  Tempest  
  97  10:09  Protoss Shields Level 1  
  101  10:20  Carrier  
  101  10:39  Carrier  
  101  10:54  Carrier  
  127  11:44  Carrier  
  127  11:52  Pylon  
  127  11:54  Pylon  
  127  11:56  Pylon  
  127  12:09  Carrier  
  127  12:16  Carrier  
  127  12:25  Nexus  
  127  12:27  Protoss Air Armor Level 2  
  133  12:30  Protoss Air Weapons Level 2, Assimilator  
  133  12:36  Assimilator  
  133  12:37  Pylon  
  139  12:43  Pylon  
  139  12:47  Pylon  
  145  13:01  Carrier  
  145  13:07  Unknown  
  145  13:42  Carrier  
  154  13:51  Probe x3 (Chrono Boost)  
  154  13:57  Carrier  
  154  14:08  Probe x3 (Chrono Boost)  
  157  14:11  Protoss Shields Level 2  
  173  14:40  Probe (Chrono Boost)  
  173  14:41  Probe x3 (Chrono Boost)  
  173  15:27  Carrier  
  179  15:40  Tempest  
  179  15:45  Protoss Air Armor Level 3  
  177  15:54  Protoss Air Weapons Level 3  
  189  16:04  Pylon  
  189  16:28  Tempest  
  187  17:16  Tempest  
  187  17:17  Protoss Shields Level 3  
  187  17:27  Tempest  
  185  17:30  Tempest  
  193  17:54  Stargate x2  
  193  17:57  Stargate  
  193  18:01  Stargate  
  193  18:45  Tempest  
  193  18:49  Nexus  
  197  18:54  Assimilator  
  195  19:00  Assimilator  
  195  19:05  Pylon  
  195  19:09  Pylon  
  191  19:15  Tempest x3  
  199  19:22  Nexus  
  199  19:27  Assimilator  
  199  19:34  Assimilator  
  199  19:39  Pylon  
  199  19:44  Pylon  
  199  23:34  Unknown  
Tags
 
League
Master
Matchup
Co-op
Replay Pack
Myownreplay2
Add a new tag
Caveats
  • Supply blocks, unpowered buildings, or Contaminate may cause inaccurate times.
  • Supply counts are checked every 10 seconds.